 Dungeon Crawl Stone Soup version 0.31-a0-1603-gbec6b6ccbf (webtiles) character file.

Game seed: 2463448797255797318

65464 Laraso the Destroyer (level 14, -6/121 HPs)
             Began as a Red Draconian Conjurer on Jan 7, 2024.
             Was a High Priest of Sif Muna.
             Succumbed to poison (poison gas)
             ... on level 5 of the Lair of Beasts on Jan 8, 2024.
             The game lasted 00:48:14 (29740 turns).

Laraso the Destroyer (Red Draconian Conjurer)      Turns: 29740, Time: 00:48:16

Health: -6/121     AC:  9    Str: 10    XL:     14   Next: 75%
Magic:  7/30       EV: 15    Int: 36    God:    Sif Muna [*****.]
Gold:   1355       SH:  0    Dex:  9    Spells: 11/37 levels left

rFire   + . .        a - +3 demon trident
rCold   + . .        J - orb {light}
rNeg    . . .        (body armour unavailable)
rPois   .            (helmet restricted)
rElec   .            t - scarf {harm}
rCorr   .            y - +0 pair of gloves
SInv    .            (no boots)
Will    ++...        R - amulet of regeneration
Stlth   +            O - +6 ring of intelligence
HPRegen 1.20/turn    f - ring "Bips" {rC+ Will+ Int+6}
MPRegen 0.22/turn

%: harm (+30% outgoing, +20% incoming)
@: lethally poisoned (-6 -> -39), very slightly contaminated, glowing, very slow
A: breathe fire, AC +8, unfitting armour, fire resistance 1, cold-blooded
a: Breathe Fire, Renounce Religion, Channel Magic, Forget Spell, Divine Exegesis


You were on level 5 of the Lair of Beasts.
You worshipped Sif Muna.
Sif Muna was extremely pleased with you.
You visited 3 branches of the dungeon, and saw 17 of its levels.
You also visited: Sewer and Volcano.

You collected 1355 gold pieces.

Inventory:

Hand Weapons
 a - a +3 demon trident (weapon)
Missiles
 k - 2 throwing nets
 w - 4 curare-tipped darts
Armour
 t - a scarf of harm (worn)
 y - a +0 pair of gloves (worn)
 J - an orb of light (worn)
Jewellery
 e - a ring of willpower
 f - the ring "Bips" (right hand) {rC+ Will+ Int+6}
   (You found it on level 2 of the Lair of Beasts)

   [ring of willpower]

   Int+6:     It affects your intelligence (+6).
   rC+:       It protects you from cold.
   Will+:     It increases your willpower.
 i - a ring of protection from fire
 O - a +6 ring of intelligence (left hand)
 R - an amulet of regeneration (around neck)
Wands
 d - a wand of flame (12)
 r - a wand of light (3)
 s - a wand of iceblast (21)
 E - a wand of mindburst (31)
 L - a wand of paralysis (13)
 M - a wand of digging (16)
Scrolls
 g - 4 scrolls of poison
 j - 4 scrolls of vulnerability
 l - 4 scrolls of enchant weapon
 n - a scroll of immolation
 u - 7 scrolls of amnesia
 x - a scroll of revelation
 C - a scroll of fear {unknown}
 D - a scroll of silence {unknown}
 G - a scroll of acquirement {unknown}
 K - a scroll of torment {unknown}
 P - a scroll of fog {unknown}
 Q - 2 scrolls of blinking
Potions
 b - 4 potions of brilliance
 c - 4 potions of curing
 h - a potion of haste
 o - 3 potions of enlightenment {unknown}
 p - 3 potions of might {unknown}
 q - 2 potions of mutation {unknown}
 v - 2 potions of cancellation
 z - a potion of lignification {unknown}
 A - a potion of ambrosia {unknown}
 B - 4 potions of attraction
 F - a potion of magic
 H - a potion of berserk rage {unknown}
 I - 2 potions of resistance {unknown}
 N - 3 potions of invisibility {unknown}
Miscellaneous
 m - a phantom mirror (inert)


   Skills:
 - Level 10.0 Fighting
 - Level 4.0 Polearms
 - Level 12.0 Dodging
 - Level 1.7 Stealth
 - Level 12.0 Spellcasting
 - Level 12.0 Conjurations
 - Level 4.0 Translocations
 - Level 6.0 Earth Magic
 - Level 6.0 Alchemy
 * Level 9.6 Invocations


You had 11 spell levels left.
You knew the following spells:

 Your Spells              Type           Power      Damage    Failure   Level
a - Magic Dart            Conj           100%       1d8       0%          1
b - Searing Ray           Conj           100%       2d8       1%          2
c - Brom's Barrelling Bo  Conj/Erth      72%        2d9       1%          4
d - Iskenderun's Mystic   Conj/Tloc      68%        2d14      1%          4
e - Lee's Rapid Deconstr  Erth           29%        3d15*     4%          5
f - Fulminant Prism       Conj/Alch      36%        3d18      1%          4
r - Bombard               Conj/Erth      36%        9d6       7%          6

Your spell library contained the following spells:

 Spells                   Type           Power      Damage    Failure   Level
 Apportation              Tloc           100%       N/A       1%          1
 Necrotise                Necr           84%        1d8       1%          1
 Slow                     Hex            84%        N/A       1%          1
 Sting                    Conj/Alch      100%       1d9       1%          1
 Summon Small Mammal      Summ           84%        N/A       1%          1
 Leda's Liquefaction      Alch/Erth      29%        N/A       1%          4
 Petrify                  Alch/Erth      59%        N/A       1%          4
 Manifold Assault         Tloc           50%        N/A       3%          4
 Confusing Touch          Hex            21%        N/A       5%          3
 Sigil of Binding         Hex            21%        N/A       5%          3
 Vampiric Draining        Necr           21%        2d7       5%          3
 Airstrike                Air            10%        2d(2-18)  19%         4
 Animate Dead             Necr           21%        N/A       19%         4
 Summon Lightning Spire   Summ/Air       21%        N/A       19%         4


Dungeon Overview and Level Annotations

Branches:
Dungeon (11/15)            Temple (1/1) D:4            Lair (5/5) D:11
 Shoals (0/4) Lair:2       Spider (0/4) Lair:3        Slime (0/5) Lair:5
    Orc (0/2) D:10          Sewer (visited)         Volcano (visited)

Altars:
Ashenzari
Cheibriados
Dithmenos
Elyvilon
Fedhas
Gozag
Hepliaklqana
Kikubaaqudgha
Makhleb
Nemelex Xobeh
Okawaru
Qazlal
Ru
Sif Muna
Trog
Uskayaw
Vehumet
Wu Jian
Xom
Yredelemnul
Zin
The Shining One

Annotations:
D:4 1 runed translucent door, Sundig's ghost, amateur DsFi
D:5 3 runed translucent doors, Taul's ghost, amateur MiFi
Lair:5 2 transporters, whatisthis's ghost, journeyman DrCj


Innate Abilities, Weirdness & Mutations

You can breathe blasts of fire.
Your fiery red scales are hard. (AC +8)
You cannot fit into any form of body armour.
Your flesh is heat resistant. (rF+)
You are cold-blooded and may be slowed by cold attacks.


Message History

Casting: Bombard (dangerous; 7% risk of failure)
Confirm with . or Enter, or press ? or * to list all spells.
Aiming: Bombard (dangerous; 7% risk of failure)
Press: ? - help, Shift-Dir - straight line, f - swamp dragon, p - ice dragon
Aim: a swamp dragon (lightly wounded, catching its breath, ally target, haloed, 89% to hit)
The iron shot hits the swamp dragon!!
The swamp dragon is almost dead.
You are engulfed in poison gas.
You are more poisoned.
You feel extremely sick.
Unknown command.
Unknown command.
Casting: Bombard (dangerous; 7% risk of failure)
Confirm with . or Enter, or press ? or * to list all spells.
Aiming: Bombard (dangerous; 7% risk of failure)
Press: ? - help, Shift-Dir - straight line, f/p - swamp dragon
Aim: a swamp dragon (poison gas, almost dead, catching its breath, ally target, haloed, 89% to hit)
The iron shot hits the swamp dragon!!!
You kill the swamp dragon!
Sif Muna accepts your kill.
The swamp dragon scales are intact enough to wear.
You are engulfed in poison gas.
You are lethally poisoned!
* * * LOW HITPOINT WARNING * * *
You feel extremely sick. The ice dragon bites you!
* * * LOW HITPOINT WARNING * * *
The ice dragon claws you!
* * * LOW HITPOINT WARNING * * *
The ice dragon tramples you.
* * * LOW HITPOINT WARNING * * *
You hold your ground!
Unknown command.
Blink to where?
Press: ? - help, Dir - move target Splash!
You fall into the shallow water.
Moving in this stuff is going to be slow.
As you read the scroll of blinking, it crumbles to dust.
You die...

♣♣♣♣♣♣ ♣♣°°~~♣♣♣
♣D[~°°..♣
♣♣♣D~≈≈°°.♣♣
♣..~~♣♣~...♣♣♣ #
♣.~≈~.♣♣~....♣♣
#####
♣..~≈~l.♣♣♣~~♣..♣♣
####..## ♣.~~≈..$$
♣♣.@...♣ #.......
♣♣♣..~..)( ♣♣≈?..♣♣
#....... ..≈≈..(..
♣~..♣.♣♣ #.......
♣..≈≈~.?[♣♣♣~.....♣
#.......
.~≈≈..$!?♣♣.♣~...P♣
#.......
♣..≈≈~♣♣.♣♣
#.......
♣.†≈♣♣~.♣..♣
#....... ♣.≈.
♣♣~≈♣♣♣ #.......
♣~≈. ♣≈...♣
#.......


There were no monsters in sight!

Vanquished Creatures
  The ghost of Biped the Cleaver, a journeyman KoFi of Gozag (Lair:3)
  A fire dragon (Volcano)
  6 hydras
  3 boulder beetles
  2 catoblepae (Lair:5)
  13 death yaks
  A two-headed ogre (D:11)
  Urug (Lair:1)
  A hell hog (Lair:5)
  A skyshark (Lair:5)
  2 lindwurms
  A swamp dragon (Lair:5)
  4 cyclopes
  2 manticores
  10 elephants
  A molten gargoyle (Volcano)
  10 black mambas
  17 cane toads
  A yaktaur (D:11)
  3 rime drakes
  8 komodo dragons
  10 polar bears
  3 hornets
  A raiju (Lair:5)
  17 blink frogs
  2 jumping spiders (Lair:3)
  A centaur simulacrum (D:11)
  A vampire (D:11)
  5 wyverns
  6 wargs
  7 fire bats (Volcano)
  48 yaks
  5 basilisks
  2 vampire mosquitoes
  2 redbacks (Lair:3)
  4 steam dragons
  Edmund (D:6)
  21 water moccasins
  17 hell hounds
  A swamp drake (Lair:5)
  16 black bears
  5 orc warriors
  An ice beast (D:6)
  An ogre (D:10)
  26 wolves
  A phantom (D:7)
  Blork the orc (D:5)
  A kobold brigand (D:8)
  A gnoll sergeant (D:7)
  6 scorpions
  15 bullfrogs
  7 wights (D:7)
  3 killer bees (D:10)
  2 howler monkeys
  2 electric eels
  2 bombardier beetles (D:6)
  5 lava snakes (Volcano)
  5 orc priests
  7 hounds
  2 gnoll boudas
  A sleepcap (D:8)
  Ijyb (D:3)
  Jessica (D:3)
  10 orc wizards
  5 iguanas
  8 adders
  12 gnolls
  2 river rats (Sewer)
  3 shadow imps (D:7)
  A white imp (D:7)
  3 dart slugs
  2 ribbon worms
  43 orcs
  7 endoplasms
  8 giant cockroaches
  5 hobgoblins
  A jackal (D:2)
  4 quokkas
  11 ball pythons
  3 bats
  2 frilled lizards (D:1)
  6 goblins
  10 kobolds
  10 rats
  A fulminant prism (D:9)
512 creatures vanquished.

Vanquished Creatures (others)
  An orc wizard (D:7)
  157 fulminant prisms
158 creatures vanquished.

Grand Total: 670 creatures vanquished

Notes
Turn   | Place    | Note
-------+----------+-------------------------------------------
     0 | D:1      | Laraso the Draconian Conjurer began the quest for the Orb.
     0 | D:1      | Reached XP level 1. HP: 14/14 MP: 3/3
     9 | D:1      | You fall into a shaft and drop 1 floor!
   430 | D:1      | Reached XP level 2. HP: 20/20 MP: 1/5
  1383 | D:1      | Reached XP level 3. HP: 26/26 MP: 5/7
  1910 | D:2      | Learned a level 2 spell: Searing Ray
  2254 | D:2      | Found a faded altar of an unknown god.
  2926 | D:3      | Found a glowing drain.
  2947 | D:3      | Reached XP level 4. HP: 33/33 MP: 6/10
  2962 | Sewer    | Entered a sewer
  3362 | Sewer    | Reached XP level 5. HP: 27/38 MP: 2/12
  3655 | D:3      | Reached skill level 5 in Spellcasting
  3670 | D:3      | Noticed Ijyb
  3676 | D:3      | Killed Ijyb
  3808 | D:3      | Noticed Jessica
  3810 | D:3      | Killed Jessica
  3913 | D:3      | Found a sparkling altar of Nemelex Xobeh.
  4459 | D:4      | Found a staircase to the Ecumenical Temple.
  4473 | Temple   | Entered the Ecumenical Temple
  4571 | D:4      | Found a runed translucent door.
  4572 | D:4      | Noticed Sundig's ghost (amateur DsFi)
  4658 | D:4      | Reached XP level 6. HP: 45/45 MP: 5/15
  4733 | D:4      | Learned a level 4 spell: Fulminant Prism
  4738 | D:4      | Learned a level 4 spell: Iskenderun's Mystic Blast
  5240 | D:5      | Entered Level 5 of the Dungeon
  5302 | D:5      | Found a runed translucent gate.
  5302 | D:5      | Found a runed translucent gate.
  5302 | D:5      | Found a runed translucent gate.
  5375 | D:5      | Found a radiant altar of Vehumet.
  5468 | D:5      | Noticed Taul's ghost (amateur MiFi)
  5638 | D:5      | Noticed Blork the orc
  5647 | D:5      | Killed Blork the orc
  5862 | D:5      | Reached skill level 1 in Alchemy
  5862 | D:5      | Your scales start taking on a fiery red colour.
  5862 | D:5      | Reached XP level 7. HP: 50/50 MP: 12/17
  5862 | D:5      | Gained mutation: Your flesh is heat resistant. (rF+) [Red
                  | Draconian growth]
  6248 | D:6      | Found a glowing silver altar of Zin.
  6494 | D:6      | Found an ornate altar of the Wu Jian Council.
  6528 | D:6      | Noticed Edmund
  6537 | D:6      | Killed Edmund
  6781 | D:6      | Found a hide-covered altar of Uskayaw.
  7106 | D:7      | Reached XP level 8. HP: 57/57 MP: 13/18
  7216 | D:7      | Found an iron altar of Okawaru.
  7226 | D:7      | Reached skill level 5 in Conjurations
  7283 | D:7      | Found a snail-covered altar of Cheibriados.
  8063 | D:7      | Reached XP level 9. HP: 62/62 MP: 5/20
  8208 | D:7      | Found a bloodstained altar of Trog.
  8521 | D:7      | Found a shimmering altar of Xom.
  9092 | D:8      | Found a burning altar of Makhleb.
  9103 | D:8      | Reached skill level 1 in Polearms
  9237 | D:8      | Reached skill level 5 in Dodging
  9746 | D:8      | Found a basalt altar of Yredelemnul.
  9872 | D:8      | Found a sacrificial altar of Ru.
  9934 | D:8      | Found a glowing golden altar of the Shining One.
 10529 | D:9      | Reached XP level 10. HP: 38/69 MP: 7/22
 10662 | D:9      | Found a shimmering blue altar of Sif Muna.
 10697 | D:9      | Reached skill level 5 in Alchemy
 11073 | D:9      | Reached skill level 5 in Fighting
 11257 | D:9      | Became a worshipper of Sif Muna the Loreminder
 11391 | D:10     | Entered Level 10 of the Dungeon
 11414 | D:10     | Paralysed by a hornet for 3 turns
 11419 | D:10     | Reached skill level 1 in Invocations
 12056 | D:10     | Found a staircase to the Orcish Mines.
 12073 | D:10     | Reached * piety under Sif Muna
 12074 | D:10     | Reached skill level 5 in Invocations
 12140 | D:10     | Reached XP level 11. HP: 89/89 MP: 12/23
 12549 | D:11     | HP: 3/89 [orc warrior/+0 battleaxe (16)]
 13687 | D:11     | Noticed a two-headed ogre
 13868 | D:11     | Found a staircase to the Lair.
 13934 | D:11     | Killed a two-headed ogre
 15061 | Lair:1   | Entered Level 1 of the Lair of Beasts
 15075 | Lair:1   | Reached skill level 10 in Conjurations
 15524 | Lair:1   | Noticed Urug
 15529 | Lair:1   | Killed Urug
 15700 | Lair:1   | Reached XP level 12. HP: 96/96 MP: 10/24
 15700 | Lair:1   | Reached ** piety under Sif Muna
 15933 | Lair:1   | HP: 4/96 [blink frog (16)]
 16878 | Lair:2   | Noticed a four-headed hydra
 16886 | Lair:2   | Killed a four-headed hydra
 17060 | Lair:2   | Found a staircase to the Shoals.
 17276 | Lair:2   | Reached skill level 10 in Dodging
 17691 | Lair:2   | Noticed a death yak
 17691 | Lair:2   | Noticed a death yak
 17717 | Lair:2   | Killed a death yak
 17721 | Lair:2   | Noticed a death yak
 17723 | Lair:2   | Killed a death yak
 17723 | Lair:2   | Reached *** piety under Sif Muna
 17885 | Lair:2   | Found a shimmering altar of Xom.
 18050 | Lair:2   | Killed a death yak
 18853 | Lair:2   | Noticed an eight-headed hydra
 18854 | Lair:2   | Noticed a death yak
 18866 | Lair:2   | Noticed an eight-headed hydra
 18875 | Lair:2   | HP: 4/96 [cane toad (8)]
 18889 | Lair:2   | Killed an eight-headed hydra
 18890 | Lair:2   | Reached XP level 13. HP: 23/102 MP: 19/25
 20574 | Lair:2   | Reached skill level 10 in Spellcasting
 21103 | Lair:2   | Identified the +0 scale mail "Hiorus" {Rampage rF+ rCorr
                  | Dex+2}
 21122 | Lair:2   | Identified the ring "Bips" {rC+ Will+ Int+6}
 22003 | Lair:3   | Reached **** piety under Sif Muna
 22150 | Lair:3   | Found a hole to the Spider Nest.
 22611 | Lair:3   | Found a runed translucent door.
 22611 | Lair:3   | Noticed Biped's ghost (journeyman KoFi)
 22788 | Lair:3   | Killed Biped's ghost
 22789 | Lair:3   | Reached XP level 14. HP: 28/114 MP: 17/30
 23473 | Lair:4   | Found a dark tunnel.
 23609 | Volcano  | Entered a volcano
 23863 | Volcano  | Found a burning altar of Makhleb.
 25032 | Lair:4   | Learned a level 6 spell: Bombard
 25058 | Lair:5   | Entered Level 5 of the Lair of Beasts
 25058 | Lair:5   | Found a staircase to the Slime Pits.
 25097 | Lair:4   | Reached skill level 1 in Earth Magic
 25915 | Lair:5   | Found a transporter.
 25941 | Lair:5   | Reached skill level 10 in Fighting
 26091 | Lair:5   | Found a transporter.
 26120 | Lair:5   | Reached ***** piety under Sif Muna
 26250 | Lair:5   | Noticed whatisthis's ghost (journeyman DrCj)
 27139 | Lair:5   | Reached skill level 5 in Earth Magic
 27560 | Lair:5   | Received a gift from Sif Muna
 27561 | Lair:5   | Got Sif Muna's Early Guide to Sorcery {god gift}
 27567 | Lair:5   | Learned a level 4 spell: Brom's Barrelling Boulder
 27573 | Lair:5   | Learned a level 5 spell: Lee's Rapid Deconstruction
 29739 | Lair:5   | HP: 4/121 [ice dragon (15)]
 29740 | Lair:5   | Succumbed to poison (poison gas)

Illustrated notes

Levels and vault maps discovered:
D:1:      dpeg_arrival_central, layout_basic
D:2:      minmay_door_path, layout_basic, nicolae_ecumenical_lake_church
D:3:      layout_basic, nemelex_diamond_rough_becter, portal_sewer_entry_f,
          uniq_jessica, uniq_ijyb
D:4:      layout_basic, minmay_temple_entry_statues_pillars,
          hellmonk_ghost_happy_afterlife, serial_corexii_hall,
          corexii_hall_statues_x, chequers_hall_statues_corner_a,
          chequers_serial_rivers_room_a
D:5:      layout_basic, vehumet_crystals, gammafunk_ghost_split,
          uniq_blork_the_orc
D:6:      layout_basic, lemuel_crystal_altar, kennysheep_mini_moat,
          mainiacjoe_overflow_paths, uniq_edmund
D:7:      layout_layer_cave, jmf_multi_god_temple, xom_teletrap_fun,
          mainiacjoe_overflow_small_starburst
D:8:      layout_basic, nicolae_tso_swordbearing_angel,
          lemuel_coloured_pillars_altar, bloody_makhleb,
          nicolae_ru_path_of_blood, kennysheep_generic_room_12
D:9:      layout_loops_ring, mainiacjoe_overflow_tiny_flanked, fungi_pond_lemuel
D:10:     layout_rooms, erik_orc_3
D:11:     minmay_curly_fans, layout_loops_cross, due_lair_maze_entry_diamond
Temple:   hellmonk_temple_forest_ring
Lair:1:   layout_loops_ring, grunt_megastairs_2, uniq_urug
Lair:2:   nzn_winding_woodlands_huge [nzn_winding_woodlands_5x15_jagged,
          nzn_winding_woodlands_5x15_lazy_stream,
          nzn_winding_woodlands_5x15_zeroes, nzn_winding_woodlands_5x15_garden,
          nzn_winding_woodlands_5x15_crooked,
          nzn_winding_woodlands_5x15_concentric,
          nzn_winding_woodlands_5x15_sawtooth,
          nzn_winding_woodlands_5x15_longhouse,
          nzn_winding_woodlands_5x15_default,
          nzn_winding_woodlands_5x15_default,
          nzn_winding_woodlands_center_triple_pond,
          nzn_winding_woodlands_center_garden,
          nzn_winding_woodlands_15x15_thick_spiral], layout_chaotic_city,
          mainiacjoe_shoals_entry_four_pools, basic_altar,
          chequers_serial_rivers_marsh
Lair:3:   layout_layer_cave, spider_nest_entry_a, gammafunk_ghost_grave,
          lemuel_fruit_fields
Lair:4:   layout_roguey, enter_volcano_3
Lair:5:   guppyfry_lair_end_dragon, layout_regular_city,
          hangedman_lair_caniforms_friends, slime_entry_1, nzn_ghost_randoct

Skill      XL: |  1  2  3  4  5  6  7  8  9 10 11 12 13 14 |
---------------+-------------------------------------------+-----
Spellcasting   | 3 4 6 7 8 12 | 12.0
Alchemy        | 1 4 6 |  6.0
Translocations | 3 4 |  4.0
Conjurations   | 7 11 12 | 12.0
Dodging        | 6 7 11 12 | 12.0
Polearms       | 4 |  4.0
Fighting       | 6 7 10 | 10.0
Invocations    | 5 7 9 |  9.6
Earth Magic    | 6 |  6.0
Stealth        | |  1.7

Action                     |  1- 3 |  4- 6 |  7- 9 | 10-12 | 13-15 || total
---------------------------+-------+-------+-------+-------+-------++-------
  Melee: Unarmed           |    30 |       |       |       |       ||    30
         Tailslap          |     5 |     2 |     4 |    25 |    24 ||    60
         Flail             |     4 |    27 |     1 |       |       ||    32
         Halberd           |       |       |    66 |    92 |       ||   158
         Demon trident     |       |       |       |    76 |   131 ||   207
  Throw: Dart              |       |       |     1 |       |       ||     1
   Cast: Magic Dart        |    90 |    41 |    14 |    10 |       ||   155
         Searing Ray       |     1 |    27 |    33 |    39 |    72 ||   172
         Fulminant Prism   |       |       |    15 |    82 |    61 ||   158
         Iskenderun's Myst |       |       |       |     1 |     2 ||     3
         Bombard           |       |       |       |       |    87 ||    87
         Lee's Rapid Decon |       |       |       |       |     1 ||     1
 Invoke: Channel Magic     |       |       |       |       |     3 ||     3
Ability: Breathe Fire      |       |       |    10 |    40 |    20 ||    70
  Evoke: Wand              |       |       |       |     1 |       ||     1
         Phantom mirror    |       |       |       |       |     1 ||     1
    Use: Scroll            |     4 |       |     5 |    11 |     5 ||    25
         Potion            |       |       |       |    10 |     3 ||    13
   Stab: Distracted        |       |       |       |       |     1 ||     1
 Armour: Skin              |    23 |    44 |    93 |   196 |   285 ||   641
  Dodge: Dodged            |    32 |    57 |    71 |   151 |   253 ||   564

Table legend: (Time is in decaauts)
 A = Elapsed time spent in this place.
 B = Non-inter-level travel time spent in this place.
 C = Inter-level travel time spent in this place.
 D = Time resting spent in this place.
 E = Time spent auto-exploring this place.
 F = Levels seen in this place.
 G = Mean time per level.
                   A        B        C        D        E       F      G
               +--------+--------+--------+--------+--------+-----+--------+
         Total |  29961 |  29059 |    902 |  11381 |  13239 |  19 | 1576.9 |
       Dungeon |  14704 |  14256 |    448 |   3795 |   8693 |  11 | 1336.7 |
        Temple |     18 |     18 |      0 |      0 |     17 |   1 |   18.0 |
          Lair |  13708 |  13255 |    453 |   6957 |   4127 |   5 | 2741.6 |
         Sewer |    737 |    737 |      0 |    242 |    319 |   1 |  737.0 |
       Volcano |    792 |    792 |      0 |    387 |     82 |   1 |  792.0 |
               +--------+--------+--------+--------+--------+-----+--------+

Top non-repeatable levels by time:
  Lair:2: 4302 daAuts
  Lair:5: 3525 daAuts
    D:10: 2357 daAuts
  Lair:4: 2130 daAuts
     D:7: 2002 daAuts
  Lair:3: 1958 daAuts
  Lair:1: 1791 daAuts
     D:9: 1495 daAuts
     D:1: 1441 daAuts
     D:2: 1387 daAuts
    D:11: 1281 daAuts
     D:8: 1160 daAuts
     D:6: 1114 daAuts
     D:4: 902 daAuts
     D:3: 832 daAuts
